 Dungeon Crawl Stone Soup version 0.28-a0-697-g47f3eba078 (webtiles) character file.

Game seed: 6509034064907908603

79 a11behringer the Chucker (level 4, -2/42 HPs)
             Began as a Troll Hunter on Oct 24, 2021.
             Was a Follower of Nemelex Xobeh.
             Slain by Sigmund (11 damage)
             ... on level 2 of the Dungeon.
             The game lasted 00:07:18 (1165 turns).

a11behringer the Chucker (Troll Hunter)             Turns: 1165, Time: 00:07:19

Health: -2/42      AC:  4    Str: 20    XL:     4   Next: 17%
Magic:  3/3        EV: 10    Int:  7    God:    Nemelex Xobeh [*.....]
Gold:   32         SH:  0    Dex: 11    Spells: 3/3 levels left

rFire   . . .      SeeInvis .     - Unarmed
rCold   . . .      Faith    .   (no shield)
rNeg    . . .      Spirit   .   b - +0 robe
rPois   .          Reflect  .   (helmet restricted)
rElec   .          Harm     .   (no cloak)
rCorr   .          Rampage  .   (gloves unavailable)
Will    .....                   (boots unavailable)
Stlth   +.........              (no amulet)
HPRegen 1.14/turn               (no ring)
MPRegen 0.08/turn               (no ring)

@: no status effects
A: large, unfitting armour, claws 3, regeneration 1, shaggy fur 1, tough skin 1
a: Renounce Religion, Draw Escape, Draw Destruction, Draw Summoning


You were on level 2 of the Dungeon.
You worshipped Nemelex Xobeh.
Nemelex Xobeh was aware of your devotion.
You visited 1 branch of the dungeon, and saw 2 of its levels.

You collected 32 gold pieces.

Inventory:

Hand Weapons
 g - a +0 whip
Missiles
 d - 2 throwing nets (quivered)
 h - 54 stones
Armour
 b - a +0 robe (worn)
Jewellery
 f - a ring of protection from cold
Scrolls
 i - 2 scrolls of identify {unknown}
 j - a scroll of enchant weapon {unknown}
Potions
 a - a potion of brilliance {unknown}
 e - a potion of haste {unknown}


   Skills:
 + Level 1.7 Fighting
 + Level 4.2 Throwing
 + Level 2.0 Dodging
 + Level 0.3 Stealth
 * Level 2.3 Unarmed Combat


You had 3 spell levels left.
You didn't know any spells.
Your spell library was empty.

Dungeon Overview and Level Annotations

Branches:
Dungeon (2/15)

Altars:
Nemelex Xobeh

Annotations:
D:2 Sigmund


Innate Abilities, Weirdness & Mutations

You are too large for most types of armour.
You have claws for hands.
Your natural rate of healing is unusually fast.
You are covered in fur. (AC +1)
You have tough skin. (AC +1)


Message History

You bump into the rock wall.
Sigmund completely misses you.
You see here a scroll of noise.
You bump into the rock wall.
Sigmund zaps a wand.
You resist with some effort.
The now-empty wand crumbles to dust.
You bump into the rock wall.
You bump into the rock wall.
You feel less confused. Sigmund completely misses you.
Found 7 gold pieces.
Your transformation is almost over.
Sigmund casts a spell.
Sigmund flickers and vanishes!
Deactivating autopickup; reactivate with Ctrl-A.
You see here 7 gold pieces.
You now have 32 gold pieces (gained 7).
Unknown command.
Your transformation has ended.
Your +0 robe unmelds from your body.
You hear some strange, mumbled words.
You are confused.
Okay, then.
Something hits you.
You bump into the rock wall.
Something hits you but does no damage.
You claw something!
You bump into the rock wall.
Something hits you.
You barely miss something.
You feel less confused.
You hear some strange, mumbled words.
A magic dart appears from out of thin air!
The magic dart hits you!
You miss something. Something hits you!
You miss something. You barely miss something. Something hits you!
You closely miss something. Something hits you!
* * * LOW HITPOINT WARNING * * *
You closely miss something. You scratch something. Something hits you!
You die...
Your body disappears without a glow.

##.#.#.#########
.#.#.#..........
.#.#.#.########.
.#.#.##########.
##.#.#............
#..#.#############
#.##<.....# ###
#.#######.######..
#@# #........+..
#{# #.#.######..
#.# #.#.# ### #.#
#.#.# #.# #.#.#
#.# #.#.########
#.# #.#.##......
#.# #.#.##.####.
##########.#
#.#.##.#..#.


There were no monsters in sight!

Vanquished Creatures
  An iguana (D:2)
  A worm (D:2)
  3 dart slugs (D:1)
  4 bats
  5 endoplasms
  2 giant cockroaches (D:1)
  5 hobgoblins
  A quokka (D:1)
  2 ball pythons
  3 frilled lizards (D:1)
  6 goblins
  8 kobolds
  3 rats
44 creatures vanquished.

Notes
Turn   | Place    | Note
-------+----------+-------------------------------------------
     0 | D:1      | a11behringer the Troll Hunter began the quest for the Orb.
     0 | D:1      | Reached XP level 1. HP: 19/19 MP: 0/0
    61 | D:1      | Reached skill level 4 in Throwing
   170 | D:1      | Reached XP level 2. HP: 27/27 MP: 1/1
   253 | D:1      | Reached skill level 1 in Unarmed Combat
   298 | D:1      | Reached XP level 3. HP: 33/33 MP: 2/2
   387 | D:1      | Found a faded altar of an unknown god.
   402 | D:1      | Prayed at the altar of an unknown god.
   402 | D:1      | Became a worshipper of Nemelex Xobeh the Trickster
   402 | D:1      | Reached * piety under Nemelex Xobeh
   599 | D:1      | Received a gift from Nemelex Xobeh
   787 | D:2      | Reached XP level 4. HP: 36/42 MP: 3/3
  1106 | D:2      | Noticed Sigmund
  1165 | D:2      | Slain by Sigmund

Illustrated notes

Levels and vault maps discovered:
D:1:      psy_arrival_radial02, layout_basic, ebering_ecumenical_altar_abandoned
D:2:      layout_basic, uniq_sigmund, uniq_jessica

Skill      XL: |  1  2  3  4 |
---------------+-------------+-----
Throwing       | 4 |  4.2
Unarmed Combat | 1 2 |  2.3
Dodging        | 2 |  2.0
Fighting       | |  1.7
Stealth        | |  0.3

Action                   |  1- 3 |  4- 6 || total
-------------------------+-------+-------++-------
Melee: Unarmed           |    81 |    39 ||   120
Throw: Large rock        |    10 |     5 ||    15
Invok: Draw Destruction  |     1 |       ||     1
  Use: Scroll            |     2 |       ||     2
Armor: Robe              |    45 |    10 ||    55
Dodge: Dodged            |    67 |    22 ||    89

Table legend: (Time is in decaauts)
 A = Elapsed time spent in this place.
 B = Non-inter-level travel time spent in this place.
 C = Inter-level travel time spent in this place.
 D = Time resting spent in this place.
 E = Time spent auto-exploring this place.
 F = Levels seen in this place.
 G = Mean time per level.
                   A        B        C        D        E       F      G
               +--------+--------+--------+--------+--------+-----+--------+
         Total |   1167 |    845 |    322 |      0 |    520 |   2 |  583.5 |
       Dungeon |   1167 |    845 |    322 |      0 |    520 |   2 |  583.5 |
               +--------+--------+--------+--------+--------+-----+--------+

Top non-repeatable levels by time:
     D:1: 744 daAuts
     D:2: 423 daAuts
